AoeStats
← jphilkill

Nomad

508192546Analyzed
4v4 RM · 11d ago on Sep 21, 2026· 48m 10s· 8 players
Game mode
Random Map
Map size
231×231
Population
200
Speed
Normal
Resources
Standard
Victory
Conquest
Starting age
Dark Age
Ending age
Imperial Age
RankedLock teamsTeams togetherTeam positionsShared explorationLock speedFull tech treeHidden civsTurbo modeCheats
Victory
Defeat
953
+13
🇳🇱 Khmer · Netherlands
931
+13
🇬🇧 Bulgarians · United Kingdom
896
+15
🇩🇪 Huns · Germany
800
+18
🇦🇺 Saracens · Australia
951
-18
🇳🇱 Lithuanians · Netherlands
854
-14
🇪🇸 Khmer · Spain
851
-14
🇳🇱 Chinese · Netherlands
825
-13
Leard
4:58 Loom
13:45 Feudal Age
18:13 Castle Age
17:05 Double-Bit Axe
18:24 Town Watch
20:02 Squires
20:04 Scale Mail Armor
22:00 Wheelbarrow
21:09 Horse Collar
24:00 Hand Cart
25:34 Chain Mail Armor
32:06 Bow Saw
32:02 Stone Mining
34:49 Gold Mining
37:52 Imperial Age
35:26 Gambesons
36:39 Scale Barding Armor
37:25 Stone Shaft Mining
37:31 Gold Shaft Mining
36:49 Pikeman
39:20 Chain Barding Armor
39:31 Plate Mail Armor
38:51 Arson
39:55 Ballistics
41:08 Town Watch
41:06 Halberdier
42:36 Forging
41:51 Elite Konnik
43:31 Heavy Plow
44:52 Iron Casting
46:07 Blast Furnace
47:58 Plate Barding Armor
48:51 Bloodlines
48:41 Husbandry
martijn
8:08 Loom
15:18 Feudal Age
19:00 Castle Age
17:36 Horse Collar
17:44 Double-Bit Axe
18:24 Stone Mining
19:19 Wheelbarrow
20:29 Bow Saw
20:39 Heavy Plow
20:33 Town Watch
22:35 Fishing Lines
24:18 Gold Mining
27:15 Bloodlines
28:38 Hand Cart
32:07 Husbandry
36:56 Imperial Age
36:45 Murder Holes
39:44 Town Patrol
40:12 Ballistics
40:03 Fortified Wall
44:45 Chemistry
43:52 Siege Engineers
43:39 Guard Tower
45:36 Conscription
im shy dont bully me 🥺 👉
4:01 Loom
16:13 Feudal Age
17:52 Double-Bit Axe
17:59 Horse Collar
19:58 Town Watch
20:56 Bloodlines
21:40 Wheelbarrow
25:05 Castle Age
23:07 Fletching
23:56 Stone Mining
23:59 Gold Mining
26:29 Gold Shaft Mining
26:06 Bow Saw
25:58 Heavy Plow
27:32 Scale Barding Armor
27:57 Padded Archer Armor
28:44 Leather Archer Armor
30:05 Hand Cart
32:37 Stone Shaft Mining
33:29 Husbandry
34:52 Bodkin Arrow
35:20 Chain Barding Armor
37:59 Thumb Ring
38:19 Ballistics
38:14 Forging
41:19 Imperial Age
39:27 Masonry
39:12 Treadmill Crane
39:54 Kasbah
42:45 Conscription
41:51 Elite Genitour
43:40 Heavy Camel Rider
45:44 Bracer
47:24 Chemistry
47:20 Hoardings
jphilkill
4:20 Loom
16:09 Feudal Age
18:08 Double-Bit Axe
20:44 Gold Mining
20:45 Stone Mining
20:38 Horse Collar
23:33 Castle Age
21:46 Forging
21:41 Scale Barding Armor
21:37 Scale Mail Armor
21:38 Padded Archer Armor
21:28 Fletching
21:26 Fishing Lines
24:52 Gold Shaft Mining
24:59 Medium Warships
26:27 Gillnets
29:06 Wheelbarrow
29:13 Wheelbarrow
30:29 Bow Saw
30:50 Chain Mail Armor
30:09 Pikeman
30:50 Squires
33:35 Hand Cart
33:58 Bloodlines
33:48 Husbandry
34:10 Chain Barding Armor
34:26 Iron Casting
35:03 Marauders
39:55 Imperial Age
39:38 Ballistics
41:05 Conscription
40:06 Elite Tarkan
41:59 Plate Barding Armor
42:25 Blast Furnace
44:53 Chemistry
44:09 Leather Archer Armor
43:51 Bodkin Arrow
43:21 Halberdier
Rad el Bárbaro
9:47 Loom
13:50 Feudal Age
15:23 Town Watch
16:56 Double-Bit Axe
16:58 Horse Collar
20:16 Scale Barding Armor
22:38 Castle Age
21:23 Bloodlines
21:17 Fishing Lines
25:01 Chain Barding Armor
34:16 Gold Mining
37:44 Imperial Age
35:39 Forging
36:25 Husbandry
38:09 Padded Archer Armor
37:59 Fletching
38:45 Iron Casting
44:01 Leather Archer Armor
43:41 Bodkin Arrow
47:27 Town Patrol
48:02 Wheelbarrow
ApeteceMuchoNené
14:01 Feudal Age
19:42 Loom
23:28 Castle Age
23:11 Double-Bit Axe
23:20 Gold Mining
26:52 Bow Saw
32:08 Fishing Lines
34:33 Gillnets
34:58 Horse Collar
36:35 Heavy Plow
37:18 Gold Shaft Mining
40:33 Wheelbarrow
43:16 Hand Cart
44:14 Arson
43:50 Pikeman
45:47 Scale Barding Armor
45:43 Scale Mail Armor
45:55 Forging
45:48 Padded Archer Armor
49:56 Imperial Age
Neo2087
5:29 Loom
14:18 Feudal Age
14:43 Horse Collar
16:25 Double-Bit Axe
18:26 Wheelbarrow
21:01 Castle Age
21:22 Fletching
21:33 Padded Archer Armor
22:06 Hand Cart
23:14 Scale Barding Armor
23:15 Husbandry
23:25 Husbandry
24:00 Bloodlines
31:28 Stone Mining
31:29 Gold Mining
31:53 Fishing Lines
36:02 Chain Barding Armor
35:53 Forging
38:09 Iron Casting
38:14 Murder Holes
38:40 Ballistics
38:33 Masonry
44:35 Imperial Age
44:34 Gold Shaft Mining
44:23 Bodkin Arrow
46:08 Conscription
46:11 Elite Mameluke
Ruli
12:26 Loom
15:36 Feudal Age
20:44 Double-Bit Axe
25:44 Castle Age
25:51 Crossbowman
26:37 Thumb Ring
29:33 Padded Archer Armor
38:08 Wheelbarrow
39:20 Gold Mining
43:53 Forging
43:34 Fletching
43:59 Leather Archer Armor
45:55 Pikeman
47:23 Ballistics
Connection lost

Rejoining the realm…

Still unreachable

The connection could not be restored.

Session expired

The server has moved on; the page needs a fresh start.